 Dungeon Crawl Stone Soup version 0.28-a0-1415-g7c84da036a (webtiles) character file.

Game seed: 9771679747975132041

34249 fragbeetle the Grappler (level 13, -9/133 HPs)
             Began as a Purple Draconian Transmuter on Jan 7, 2022.
             Was a High Priest of Okawaru.
             Mangled by a death yak (18 damage)
             ... on level 5 of the Lair of Beasts.
             The game lasted 01:04:32 (19919 turns).

fragbeetle the Grappler (DrTm)                     Turns: 19919, Time: 01:04:33

Health: -9/133     AC:  8    Str: 21    XL:     13   Next: 41%
Magic:  8/21       EV: 15    Int: 14    God:    Okawaru [*****.]
Gold:   845        SH:  0    Dex: 14    Spells: 14/23 levels left

rFire   x . .      SeeInvis .     - Unarmed
rCold   + + +      Faith    .   (shield currently unavailable)
rNeg    + . .      Spirit   .   (armour unavailable)
rPois   +          Reflect  .   (helmet currently unavailable)
rElec   .          Harm     .   (cloak currently unavailable)
rCorr   .          Rampage  .   (gloves currently unavailable)
Will    +....                   (boots currently unavailable)
Stlth   +++.......              l - amulet of the acrobat
HPRegen 0.32/turn               p - +6 ring of strength
MPRegen 0.17/turn               N - ring of positive energy

@: ice-form, heroic, slowed, very slow
A: freezing attack, amphibious, boosted hp, (breathe power), AC +8, large,
unfitting armour, (cold-blooded)
a: End Transformation, Renounce Religion, Heroism, Finesse, Duel


You were on level 5 of the Lair of Beasts.
You worshipped Okawaru.
Okawaru was extremely pleased with you.
You were a creature of crystalline ice.
You visited 3 branches of the dungeon, and saw 17 of its levels.
You also visited: Sewer and Gauntlet.

You collected 923 gold pieces.
You spent 78 gold pieces at shops.

Inventory:

Hand Weapons
 q - a +0 hunting sling of venom (melded)
 Q - the +6 mace "Jellybane" {flame, rC- Int-3 Dex+9 Stlth+}
   (You found it on level 4 of the Lair of Beasts)

   It burns those it strikes, dealing additional fire damage.
   Int:       It affects your intelligence (-3).
   Dex:       It affects your dexterity (+9).
   rC:        It makes you vulnerable to cold.
   Stlth:     It makes you more stealthy.
 T - the +6 morningstar of Qiridd {flame, rPois rC- rN+ rCorr}
   (You took it off a minotaur in a Gauntlet)

   It burns those it strikes, dealing additional fire damage.
   rC:        It makes you vulnerable to cold.
   rPois:     It protects you from poison.
   rN:        It protects you from negative energy.
   rCorr:     It protects you from acid and corrosion.
Missiles
 a - 466 stones
 m - 107 poisoned darts (quivered)
 u - 2 throwing nets
 x - 6 curare-tipped darts
 G - 64 sling bullets
 H - a boomerang
 U - 5 silver javelins
Armour
 d - a +2 hat (melded)
 B - a +0 pair of boots (melded)
 O - an orb of guile
 P - a scarf of resistance (melded)
 V - a +0 kite shield of cold resistance
 W - the +2 pair of gloves of the Cast Vote (melded) {MP-9 Dex+3}
   (Okawaru gifted it to you in a Gauntlet)

   Dex:       It affects your dexterity (+3).
   MP:        It affects your magic capacity (-9).
Magical Staves
 A - a staff of earth
Jewellery
 l - an amulet of the acrobat (around neck)
 p - a +6 ring of strength (left front paw)
 t - a ring of ice
 w - a +4 ring of protection
 M - an amulet of reflection
 N - a ring of positive energy (right front paw)
 R - an amulet of guardian spirit
 X - a ring of positive energy
 Y - a ring of fire
Wands
 g - a wand of digging (6)
 o - a wand of mindburst (16)
 y - a wand of acid (19)
 z - a wand of flame (3)
 C - a wand of polymorph (7)
 I - a wand of iceblast (5)
Scrolls
 b - 2 scrolls of amnesia
 e - a scroll of identify
 f - 4 scrolls of fear
 k - 5 scrolls of fog
 F - 5 scrolls of teleportation
Potions
 c - a potion of resistance
 h - 7 potions of curing
 j - 4 potions of brilliance
 n - a potion of heal wounds
 r - 6 potions of invisibility
 s - 3 potions of might
 v - 4 potions of lignification
 D - a potion of ambrosia
 E - 3 potions of cancellation
 J - 4 potions of haste
 L - a potion of flight {unknown}
 S - a potion of mutation
Miscellaneous
 i - a lightning rod (4/4)


   Skills:
 + Level 9.3(14.3) Fighting
 + Level 8.0(13.0) Dodging
 * Level 12.4(17.4) Unarmed Combat
 - Level 5.6 Spellcasting
 * Level 12.2 Transmutations
 - Level 5.0 Ice Magic
 + Level 6.4 Earth Magic
 - Level 3.1 Poison Magic
 + Level 2.7 Invocations
 + Level 3.0 Evocations


You had 14 spell levels left.
You knew the following spells:

 Your Spells              Type           Power      Damage    Failure   Level
a - Wereblood             Tmut           38%        N/A       1%          2
b - Spider Form           Tmut/Pois      25%        N/A       1%          3
c - Ice Form              Ice/Tmut       28%        N/A       4%          4

Your spell library contained the following spells:

 Spells                   Type           Power      Damage    Failure   Level
 Beastly Appendage        Tmut           76%        N/A       1%          1
 Sandblast                Erth           44%        2d11      1%          1
 Passwall                 Tmut/Erth      25%        N/A       1%          2
 Frozen Ramparts          Ice            34%        1d5       6%          3
 Stone Arrow              Conj/Erth      24%        3d8       13%         3
 Magic Dart               Conj           12%        1d3       17%         1
 Slow                     Hex            12%        N/A       17%         1
 Searing Ray              Conj           6%         2d4       26%         2
 Lee's Rapid Deconstruct  Erth           11%        3d9*      32%         5
 Leda's Liquefaction      Hex/Erth       6%         N/A       41%         4
 Confusing Touch          Hex            3%         N/A       45%         3
 Statue Form              Tmut/Erth      20%        N/A       47%         6
 Hailstorm                Conj/Ice       10%        3d5       52%         4
 Fulminant Prism          Conj/Hex       1%         3d6       86%         4
 Fireball                 Conj/Fire      1%         3d3       99%         5
 Starburst                Conj/Fire      1%         6d3       100%        6
 Ignition                 Fire           1%         3d3       100%        8
 Lehudib's Crystal Spear  Conj/Erth      6%         10d3      100%        8
 Summon Ice Beast         Ice/Summ       Unusable   N/A       N/A         4
 Summon Forest            Summ/Tloc      Unusable   N/A       N/A         5
 Summon Mana Viper        Hex/Summ       Unusable   N/A       N/A         5
 Simulacrum               Ice/Necr       Unusable   N/A       N/A         6
 Summon Cactus Giant      Summ           Unusable   N/A       N/A         6

Dungeon Overview and Level Annotations

Branches:
Dungeon (11/15)            Temple (1/1) D:7            Lair (5/6) D:8
  Snake (0/4) Lair:3       Spider (0/4) Lair:4          Orc (0/2) D:10
  Sewer (visited)         Gauntlet (visited)
  Slime: Lair:5-6

Altars:
Ashenzari
Fedhas
Kikubaaqudgha
Okawaru
Sif Muna
Trog
Uskayaw
Xom
The Shining One

Shops:
D:5 !   D:7 *

Annotations:
D:9 2 transporters, croobank's ghost, novice HuCA
D:11 exclusion: 3 doors
Lair:1 1 runed translucent door, Lutem's ghost, journeyman MiFi
Lair:3 2 transporters, Shayle's ghost, journeyman OgWr


Innate Abilities, Weirdness & Mutations

You are a creature of crystalline ice.
You have a powerful freezing melee attack.
You are amphibious.
Your maximum health is increased.
Your armour is entirely melded.
You are incapable of wielding weapons or throwing items.
((You can breathe bolts of dispelling energy.))
((Your rich purple scales are hard. (AC +8)))
You cannot fit into any form of body armour.
((You are cold-blooded and may be slowed by cold attacks.))


Message History

The eight-headed hydra bites you. x2; The eight-headed hydra bites you!
The eight-headed hydra bites you. x3
You pummel the eight-headed hydra!!
The eight-headed hydra seems to slow down.
You freeze the eight-headed hydra.
The eight-headed hydra is severely wounded.
You hit the eight-headed hydra. You freeze the eight-headed hydra.
The eight-headed hydra is almost dead.
The eight-headed hydra barely misses you.
The eight-headed hydra bites you. The eight-headed hydra bites you!
* * * LOW HITPOINT WARNING * * *
The eight-headed hydra bites you!
* * * LOW HITPOINT WARNING * * *
The eight-headed hydra bites you!
* * * LOW HITPOINT WARNING * * *
The eight-headed hydra barely misses you.
The eight-headed hydra bites you.
* * * LOW HITPOINT WARNING * * *
The eight-headed hydra bites you!
* * * LOW HITPOINT WARNING * * *
Unknown command.
You pummel the eight-headed hydra like a punching bag!!!
You freeze the eight-headed hydra.
You kill the eight-headed hydra!
Okawaru accepts your kill.
Being near the torpor snail leaves you feeling lethargic.
Your Evocations skill increases to level 3!
You feel much better. The torpor snail bites you!
* * * LOW HITPOINT WARNING * * *
Okay, then.
As you read the scroll of fear, it crumbles to dust.
You assume a fearsome visage.
The death yak resists with some effort.
The torpor snail looks frightened!
The death yak gores you!
* * * LOW HITPOINT WARNING * * *
Unknown command.
You punch the death yak! You freeze the death yak.
The death yak is lightly wounded.
The death yak snorts and paws the ground.
The death yak gores you!!
You die...

.##...###.....####..#####.<..#.#.
##...P.P.....####...# #.#.####.
.............#.##..## ##....# ##
..#...............## ##.....#
##.#..#......P#.P## #[...#.###*
###..P###....P###### #.....###.#
.##.##* #.#...#.#..####..#### #..
.....######.>.......P.#..# ##..
..#...#.###....YY.....^.## #...
..##.....P#...#.##......# ####
..###.........w####..#..# # P$#
#####.......P#...[..# ..#****
#..##...........##
..#,,,###.#.............P###
...,,,............w.....รท..##
,,,,,,.........#............#
,,*,,..........#.###........#


You could see a death yak and a torpor snail (fleeing).

Vanquished Creatures
  Gastronok (D:9)
  A minotaur (Gauntlet)
  Snorg (Lair:3)
  2 hydras
  Harold (D:8)
  A two-headed ogre (D:11)
  3 death yaks (Lair:5)
  Nergalle (Lair:3)
  A fire crab (Lair:5)
  Pikel (D:8)
  2 wizards (Gauntlet)
  A cyclops (D:11)
  5 elephants (Lair:3)
  Maurice (D:9)
  4 black mambas
  9 cane toads
  5 komodo dragons
  Maggie (D:10)
  A rime drake (Lair:3)
  A troll (D:9)
  A polar bear (Lair:5)
  A raiju (Gauntlet)
  Grinder (D:3)
  17 blink frogs
  Sigmund (D:5)
  3 wyverns
  16 yaks
  Grum (Lair:1)
  3 basilisks
  4 steam dragons
  A naga (Lair:3)
  Edmund (D:5)
  19 water moccasins
  A sky beast (D:5)
  3 orc warriors
  3 black bears
  2 ogres
  A necrophage (D:4)
  17 wolves
  7 centaurs
  3 lemures (D:8)
  14 bullfrogs
  7 kobold brigands
  9 scorpions
  A water moccasin skeleton (D:6)
  A wyvern skeleton (D:7)
  A killer bee (D:6)
  7 wights
  2 howler monkeys
  An electric eel (Lair:2)
  A bullfrog zombie (D:5)
  4 centaur zombies
  6 hounds
  A bullfrog skeleton (D:3)
  7 orc priests
  Jessica (D:2)
  3 iguanas
  16 orc wizards
  2 lightning spires (Gauntlet)
  A hound zombie (D:5)
  A hound skeleton (D:5)
  2 howler monkey zombies
  Robin (D:3)
  8 adders
  3 river rats (D:6)
  3 shadow imps (Gauntlet)
  5 white imps
  2 ufetubi
  An adder skeleton (D:4)
  6 dart slugs
  4 worms
  43 orcs
  10 ball pythons
  11 endoplasms
  7 giant cockroaches
  30 goblins
  6 hobgoblins
  11 jackals
  14 bats
  6 frilled lizards
  19 kobolds
  7 rats
  5 butterflies
439 creatures vanquished.

Vanquished Creatures (others)
  An orc (D:8)
  33 fungi
  63 plants
97 creatures vanquished.

Grand Total: 536 creatures vanquished

Notes
Turn   | Place    | Note
-------+----------+-------------------------------------------
     0 | D:1      | fragbeetle the Draconian Transmuter began the quest for the
                  | Orb.
     0 | D:1      | Reached XP level 1. HP: 16/16 MP: 3/3
    35 | D:1      | Reached XP level 2. HP: 2/23 MP: 5/5
   700 | D:1      | Reached XP level 3. HP: 24/28 MP: 4/6
   704 | D:1      | Learned a level 3 spell: Spider Form
  1119 | D:2      | Noticed Jessica
  1133 | D:2      | Killed Jessica
  1134 | D:2      | Reached XP level 4. HP: 28/36 MP: 5/7
  1802 | D:3      | Found a faded altar of an unknown god.
  1830 | D:3      | Noticed a scorpion
  1842 | D:3      | Killed a scorpion
  1843 | D:3      | Reached skill level 1 in Poison Magic
  1843 | D:3      | Reached XP level 5. HP: 39/42 MP: 6/8
  1900 | D:3      | Noticed Grinder
  1937 | D:3      | HP: 1/42 [Grinder (3)]
  1946 | D:3      | Paralysed by Grinder for 6 turns
  1959 | D:3      | Killed Grinder
  1960 | D:3      | Reached XP level 6. HP: 9/50 MP: 3/9
  2302 | D:3      | Noticed a +0 hand axe
  2442 | D:3      | Noticed a +0 dagger
  2446 | D:3      | Found a hide-covered altar of Uskayaw.
  2472 | D:3      | Found a shimmering altar of Xom.
  2472 | D:3      | Found a glowing golden altar of the Shining One.
  3054 | D:3      | Reached skill level 5 in Unarmed Combat
  3087 | D:3      | Noticed Robin
  3090 | D:3      | Your scales start taking on a rich purple colour.
  3090 | D:3      | Reached XP level 7. HP: 55/57 MP: 10/10
  3113 | D:3      | Killed Robin
  3303 | D:4      | Learned a level 4 spell: Ice Form
  4261 | D:4      | Reached skill level 1 in Ice Magic
  4576 | D:5      | Entered Level 5 of the Dungeon
  4595 | D:5      | Reached skill level 5 in Transmutations
  4601 | D:5      | Noticed Edmund
  4620 | D:5      | Killed Edmund
  4775 | D:5      | Noticed Sigmund
  4791 | D:5      | Killed Sigmund
  4792 | D:5      | Reached XP level 8. HP: 42/66 MP: 7/11
  5016 | D:5      | Found a broken altar of Ashenzari.
  5068 | D:5      | Found Paimusel's Distillery.
  5076 | D:5      | Bought a potion of attraction for 39 gold pieces
  5076 | D:5      | Bought a potion of lignification for 39 gold pieces
  5977 | D:6      | Reached XP level 9. HP: 43/72 MP: 9/12
  5997 | D:6      | Found a shimmering blue altar of Sif Muna.
  6060 | D:6      | Reached skill level 5 in Fighting
  6126 | D:6      | Found a glowing drain.
  6135 | Sewer    | Entered a sewer
  7012 | D:6      | Found a bloodstained altar of Trog.
  7012 | D:6      | Found an iron altar of Okawaru.
  7022 | D:6      | Became a worshipper of Warmaster Okawaru
  7207 | D:6      | Found a runed translucent door.
  7208 | D:6      | Found a runed translucent door.
  7235 | D:6      | Reached skill level 5 in Dodging
  8081 | D:7      | Found an ancient bone altar of Kikubaaqudgha.
  8082 | D:7      | Found a blossoming altar of Fedhas.
  8177 | D:7      | Found a staircase to the Ecumenical Temple.
  8185 | Temple   | Entered the Ecumenical Temple
  8229 | D:7      | Reached * piety under Okawaru
  8267 | D:7      | Found Kaodut's General Store.
  8377 | D:7      | Reached XP level 10. HP: 83/83 MP: 9/13
  8869 | D:8      | Found a staircase to the Lair.
  8877 | Lair:1   | Entered Level 1 of the Lair of Beasts
  9043 | D:8      | Noticed Pikel
  9067 | D:8      | Reached skill level 1 in Earth Magic
  9068 | D:8      | Killed Pikel
  9068 | D:8      | Reached ** piety under Okawaru
  9271 | D:8      | Noticed Harold
  9302 | D:8      | Killed Harold
  9753 | D:9      | Found a transporter.
  9754 | D:9      | Found a transporter.
  9758 | D:9      | Found a bloodstained altar of Trog.
  9768 | D:9      | Noticed a two-headed ogre
  9768 | D:9      | Noticed a tengu warrior
  9768 | D:9      | Noticed a two-headed ogre
  9768 | D:9      | Noticed a moth of wrath
  9831 | D:9      | Noticed croobank's ghost (novice HuCA)
  9947 | D:9      | Noticed Maurice
  9967 | D:9      | Killed Maurice
  9968 | D:9      | Reached skill level 5 in Ice Magic
 10177 | D:9      | Reached *** piety under Okawaru
 10300 | D:9      | Noticed Gastronok
 10347 | D:9      | Killed Gastronok
 10348 | D:9      | Reached XP level 11. HP: 90/91 MP: 8/14
 10445 | D:9      | Reached **** piety under Okawaru
 10882 | D:10     | Entered Level 10 of the Dungeon
 11170 | D:10     | Noticed Maggie
 11181 | D:10     | Killed Maggie
 11426 | D:10     | Found a staircase to the Orcish Mines.
 11938 | D:11     | Reached skill level 10 in Unarmed Combat
 11948 | D:11     | Learned a level 2 spell: Wereblood
 12270 | D:11     | Noticed an eight-headed hydra
 12294 | D:11     | Noticed a two-headed ogre
 12309 | D:11     | Killed a two-headed ogre
 12767 | Lair:1   | Noticed Grum
 12794 | Lair:1   | Killed Grum
 12981 | Lair:1   | Reached skill level 10 in Transmutations
 12981 | Lair:1   | Noticed an eight-headed hydra
 12987 | Lair:1   | Killed an eight-headed hydra
 13379 | Lair:1   | Reached ***** piety under Okawaru
 13424 | Lair:1   | Found a runed translucent door.
 13424 | Lair:1   | Found a shimmering altar of Xom.
 13424 | Lair:1   | Noticed a +1 hand axe of chaos
 13424 | Lair:1   | Noticed Lutem's ghost (journeyman MiFi)
 14460 | Lair:2   | Got the Compendium of Earthen Beguiling
 14765 | Lair:2   | Reached XP level 12. HP: 101/101 MP: 14/18
 14923 | Lair:2   | Identified the +0 robe "Duisozoe" {+Inv}
 15525 | Lair:3   | Noticed Nergalle
 15525 | Lair:3   | Noticed Snorg
 15649 | Lair:3   | Received a gift from Okawaru
 15663 | Lair:3   | Killed Nergalle
 15665 | Lair:3   | Reached skill level 5 in Earth Magic
 15741 | Lair:3   | Found a transporter.
 15745 | Lair:3   | Found a transporter.
 15745 | Lair:3   | Noticed Shayle's ghost (journeyman OgWr)
 15793 | Lair:3   | Reached skill level 5 in Spellcasting
 16939 | Lair:3   | Found a staircase to the Snake Pit.
 16959 | Lair:3   | Killed Snorg
 17437 | Lair:4   | Reached skill level 1 in Evocations
 17446 | Lair:4   | Identified the +6 mace "Jellybane" {flame, rC- Int-3 Dex+9
                  | Stlth+}
 17520 | Lair:4   | Found a hole to the Spider Nest.
 17560 | Lair:4   | Reached skill level 1 in Invocations
 17561 | Lair:4   | Received a gift from Okawaru
 17625 | Lair:4   | Reached XP level 13. HP: 95/110 MP: 21/21
 17756 | Lair:4   | You fall into a shaft and drop 1 floor!
 17899 | Lair:5   | Found a gate leading to a gauntlet.
 17904 | Gauntlet | Entered a Gauntlet
 17904 | Gauntlet | Found a transporter.
 17998 | Gauntlet | Found a transporter.
 18002 | Gauntlet | Found a transporter.
 18004 | Gauntlet | Found a transporter.
 18019 | Gauntlet | Found a transporter.
 18032 | Gauntlet | Found a transporter.
 18040 | Gauntlet | Found a transporter.
 18057 | Gauntlet | Found a transporter.
 18074 | Gauntlet | Found a transporter.
 18086 | Gauntlet | Found a transporter.
 18098 | Gauntlet | Found a transporter.
 18104 | Gauntlet | Noticed a quicksilver ooze
 18114 | Gauntlet | Found a transporter.
 18115 | Gauntlet | Found the +2 cloak of the Thief {*Fog Slay-2 SInv Stlth+}
 18126 | Gauntlet | Found a transporter.
 18143 | Gauntlet | Found a transporter.
 18160 | Gauntlet | Found a transporter.
 18162 | Gauntlet | Found a transporter.
 18190 | Gauntlet | Found a transporter.
 18192 | Gauntlet | Found a transporter.
 18405 | Gauntlet | Identified the +6 morningstar of Qiridd {flame, rPois rC-
                  | rN+ rCorr}
 18405 | Gauntlet | Identified the +4 fire dragon scales of the Dice {rElec
                  | rF++ rC- Stlth+}
 18405 | Gauntlet | Noticed a minotaur
 18418 | Gauntlet | Killed a minotaur
 18418 | Gauntlet | Identified the +2 pair of gloves of the Cast Vote {MP-9
                  | Dex+3} (Okawaru gifted it to you in a Gauntlet)
 18418 | Gauntlet | Received a gift from Okawaru
 19914 | Lair:5   | HP: 1/133 [eight-headed hydra (11)]
 19919 | Lair:5   | Mangled by a death yak

Illustrated notes

Levels and vault maps discovered:
D:1:      beargit_arrival_greenhouse, layout_rooms, minmay_misc_feat_tiny,
          minmay_misc_feat_doors, minmay_liquid_box, st_stairs_9
D:2:      minmay_kobold_bridge, layout_rooms, kennysheep_generic_room_8,
          uniq_jessica
D:3:      kennysheep_goblin_castle, layout_loops_ring, dancing_weapons_uskayaw,
          gammafunk_temple_overflow_pools,
          shapermc_ecumenical_altar_starsandcircs, minmay_misc_feat_diagonals,
          minmay_misc_feat_five, minmay_ogre_servants, uniq_grinder
D:4:      layout_gridville, minmay_pentangle
D:5:      layout_cave_pools, nicolae_overflow_crystal_walls, serial_shops,
          nicolae_shop_temple_entry_statues_fountains, uniq_edmund, uniq_sigmund
D:6:      lemuel_insect_pit, layout_loops_corners, kennysheep_orc_sif_temple,
          grunt_temple_overflow_bloody_war, portal_sewer_entry_e
D:7:      layout_basic, grunt_temple_overflow_growth_and_decay,
          minmay_temple_entry_hall, serial_shops, shop_statue,
          minmay_misc_feat_tower
D:8:      layout_cave_pools, lair_entry_dummy, dk_noncrumbling_3, uniq_harold,
          uniq_pikel
D:9:      layout_stronghold, gammafunk_ghost_wrathful_warriors, uniq_gastronok,
          uniq_maurice
D:10:     layout_basic, orc_0_dummy, uniq_maggie
D:11:     layout_roguey
Temple:   nicolae_temple_figure_eight
Lair:1:   layout_small_grid, ebering_ghost_xom, serial_bayou_shore_a, uniq_grum
Lair:2:   layout_roguey, minivault_26, grunt_megastairs_2, lemuel_fruit_fields,
          infiniplex_staircase_pool
Lair:3:   layout_chaotic_city, guppyfry_snake_entry_island,
          gammafunk_ghost_hive, chequers_serial_rivers_room_a,
          chequers_serial_rivers_room_a, uniq_nergalle, uniq_snorg
Lair:4:   layout_cave_shapes, spider_nest_entry_web_field,
          nicolae_lair_liquid_snakes, serial_bayou_shore_b, grunt_megastairs_1
Lair:5:   layout_layer_cave, gauntlet_entry_generic, beast_lair_carwin_4

Skill      XL: |  1  2  3  4  5  6  7  8  9 10 11 12 13 |
---------------+----------------------------------------+-----
Dodging        | 2 3 4 5 6 7 8 |  8.0
Fighting       | 2 3 4 5 6 8 9 |  9.3
Transmutations | 3 4 5 6 7 9 10 11 12 | 12.2
Unarmed Combat | 4 5 6 8 9 10 12 | 12.4
Poison Magic   | 1 2 3 |  3.1
Ice Magic      | 1 2 4 5 |  5.0
Earth Magic    | 3 4 5 6 |  6.4
Spellcasting   | 4 5 |  5.6
Evocations     | 1 3 |  3.0
Invocations    | 1 2 |  2.7

Action                   |  1- 3 |  4- 6 |  7- 9 | 10-12 | 13-15 || total
-------------------------+-------+-------+-------+-------+-------++-------
Melee: Unarmed           |    76 |   137 |   424 |   495 |   118 ||  1250
       Kick              |    16 |    23 |    32 |       |       ||    71
       Headbutt          |    10 |    14 |    25 |       |       ||    49
       Tailslap          |     5 |    10 |    21 |       |       ||    36
       Punch             |     2 |     1 |     7 |       |       ||    10
 Fire: Hunting sling     |       |       |       |     1 |     1 ||     2
Throw: Dart              |       |       |     2 |     7 |       ||     9
 Cast: Beastly Appendage |    17 |    27 |    21 |       |       ||    65
       Spider Form       |       |     4 |    20 |     3 |       ||    27
       Ice Form          |       |       |    17 |    71 |    13 ||   101
Invok: Heroism           |       |       |       |    10 |     7 ||    17
       Finesse           |       |       |       |     1 |     1 ||     2
 Abil: End Transformatio |       |       |     2 |     3 |       ||     5
       Breathe Dispellin |       |       |     1 |     1 |       ||     2
Evoke: Wand              |       |       |       |     7 |       ||     7
  Use: Potion            |       |     1 |       |     2 |     1 ||     4
       Scroll            |       |       |     1 |    15 |     5 ||    21
 Stab: Sleeping          |       |     1 |       |       |       ||     1
Armor: Skin              |    33 |    39 |    76 |    98 |    35 ||   281
Dodge: Dodged            |    57 |    82 |   258 |   328 |    72 ||   797

Table legend: (Time is in decaauts)
 A = Elapsed time spent in this place.
 B = Non-inter-level travel time spent in this place.
 C = Inter-level travel time spent in this place.
 D = Time resting spent in this place.
 E = Time spent auto-exploring this place.
 F = Levels seen in this place.
 G = Mean time per level.
                   A        B        C        D        E       F      G
               +--------+--------+--------+--------+--------+-----+--------+
         Total |  19753 |  19347 |    406 |   3984 |   9209 |  19 | 1039.6 |
       Dungeon |  11865 |  11510 |    355 |   1285 |   6834 |  11 | 1078.6 |
        Temple |     12 |     12 |      0 |      0 |      0 |   1 |   12.0 |
          Lair |   6645 |   6594 |     51 |   2286 |   2290 |   5 | 1329.0 |
         Sewer |    698 |    698 |      0 |    413 |      0 |   1 |  698.0 |
      Gauntlet |    531 |    531 |      0 |      0 |     84 |   1 |  531.0 |
               +--------+--------+--------+--------+--------+-----+--------+

Top non-repeatable levels by time:
  Lair:3: 1835 daAuts
  Lair:1: 1780 daAuts
  Lair:5: 1595 daAuts
     D:3: 1534 daAuts
     D:6: 1323 daAuts
     D:4: 1273 daAuts
     D:9: 1220 daAuts
     D:5: 1184 daAuts
  Lair:2: 1090 daAuts
     D:1: 989 daAuts
     D:8: 977 daAuts
    D:10: 873 daAuts
     D:7: 868 daAuts
    D:11: 860 daAuts
     D:2: 759 daAuts
